 Dungeon Crawl Stone Soup version 0.30-a0-297-g0ec75d9ef4 (webtiles) character file.

Game seed: 5754339079619026082

179 ImHallYall the Cudgeller (level 6, -4/48 HPs)
             Began as a Meteoran Wanderer on Oct 18, 2022.
             Was a Follower of Qazlal.
             Slain by an ogre
             ... wielding a +0 giant spiked club
              (11 damage)
             ... on level 4 of the Dungeon.
             The game lasted 00:07:54 (1812 turns).

ImHallYall the Cudgeller (Meteoran Wanderer)        Turns: 1812, Time: 00:07:55

Health: -4/48      AC:  7    Str: 19    XL:     6   Next: 14%
Magic:  9/9        EV: 10    Int: 10    God:    Qazlal [*.....]
Gold:   120        SH:  1    Dex: 14    Spells: 7/7 levels left

rFire   . . .      SeeInvis .    a - +2 mace
rCold   . . .      Faith    .    r - orb {mayhem}
rNeg    . . .      Spirit   .    l - +0 scale mail
rPois   .          Reflect  .    u - +0 helmet
rElec   .          Harm     .    (no cloak)
rCorr   .          Rampage  .    (no gloves)
Will    .....                    (no boots)
Stlth   ..........               (no amulet)
HPRegen 0.28/turn                v - ring of flight
MPRegen 0.11/turn                (no ring)

@: flying, glowing
A: sense surroundings 1, otherworldly, glowing, explore regen
a: Renounce Religion


You were on level 4 of the Dungeon.
You worshipped Qazlal.
Qazlal was aware of your devotion.
You visited 2 branches of the dungeon, and saw 5 of its levels.

You collected 120 gold pieces.

Inventory:

Hand Weapons
 a - a +2 mace (weapon)
 d - a +0 dagger
 g - a +0 flail
Missiles
 c - 20 poisoned darts (quivered)
 q - 6 boomerangs
Armour
 f - a +0 leather armour
 l - a +0 scale mail (worn)
 r - an orb of mayhem (worn)
 u - a +0 helmet (worn)
Jewellery
 o - a ring of see invisible
 v - a ring of flight (left hand)
Scrolls
 b - 2 scrolls of fog
 e - a scroll of fear
 n - 3 scrolls of identify {unknown}
 t - a scroll of immolation {unknown}
Potions
 h - a potion of brilliance {unknown}
 i - a potion of berserk rage {unknown}
 j - a potion of cancellation {unknown}
 k - a potion of mutation {unknown}
 p - a potion of lignification {unknown}
 s - a potion of ambrosia {unknown}


   Skills:
 + Level 1.8 Fighting
 + Level 6.0 Maces & Flails
 + Level 4.3 Throwing
 + Level 2.8 Armour
 + Level 2.2 Dodging
 + Level 1.3 Spellcasting
 + Level 1.2 Evocations


You had 7 spell levels left.
You didn't know any spells.
Your spell library was empty.

Dungeon Overview and Level Annotations

Branches:
Dungeon (4/15) Zot: 590    Temple (1/1) D:4 Zot: 576

Altars:
Kikubaaqudgha
Qazlal
Yredelemnul

Shops:
D:2 =


Innate Abilities, Weirdness & Mutations

You passively map a small area around you.
You are easily found by Zot.
You glow in the dark.
You regain HP and MP as you explore.


Message History

The ogre is lightly wounded.
The ogre hits you with a +0 giant spiked club!
You hit the ogre but do no damage.
The ogre is lightly wounded.
The ogre barely misses you.
You hit the ogre.
The ogre is lightly wounded.
You hit the ogre but do no damage.
The ogre is lightly wounded.
The ogre closely misses you.
You hit the ogre.
The ogre is moderately wounded.
The ogre closely misses you.
You hit the ogre but do no damage.
The ogre is moderately wounded.
The ogre hits you with a +0 giant spiked club!
You completely miss the ogre.
The ogre is moderately wounded.
You closely miss the ogre.
The ogre is moderately wounded.
The ogre hits you with a +0 giant spiked club.
You hit the ogre.
The ogre is heavily wounded.
The ogre barely misses you.
You feel better. The ogre barely misses you.
You closely miss the ogre.
The ogre is heavily wounded.
You hit the ogre.
The ogre is severely wounded.
The ogre barely misses you.
You hit the ogre but do no damage.
The ogre is severely wounded.
The ogre hits you with a +0 giant spiked club!!
Ouch! That really hurt!
* * * LOW HITPOINT WARNING * * *
You barely miss the ogre.
The ogre is severely wounded.
You feel better.
The ogre hits you with a +0 giant spiked club!
You die...

* , , * * ** , ,,
* * .... , , , ,,
, ..... , , * ....
, , , , . ,
....##### *
####... * *
#.....#####.......
#.....#..O@..# , ,
, , #.....'..##+##
, , #.....#..# , *
#.....#..# , *
#.....+.... * , ,
,, #..)..#..##. ,
#.....#..# .# ,
###.....#..# .
##+#.....###..# ,


You could see an ogre.

Vanquished Creatures
  An iguana (D:4)
  Natasha (thrice) (D:2)
  3 adders
  A dart slug (D:4)
  An orc (D:4)
  A ball python (D:4)
  A bat (D:3)
  6 endoplasms
  10 giant cockroaches
  2 goblins
  4 hobgoblins
  A quokka (D:2)
  A frilled lizard (D:3)
  5 kobolds
  3 rats
43 creatures vanquished.

Vanquished Creatures (collateral kills)
  3 giant cockroaches (D:3)
  2 frilled lizards (D:3)
5 creatures vanquished.

Grand Total: 48 creatures vanquished

Notes
Turn   | Place    | Note
-------+----------+-------------------------------------------
     0 | D:1      | ImHallYall the Meteoran Wanderer began the quest for the
                  | Orb.
     0 | D:1      | ImHallYall set off with the following items: a +2 mace, a
                  | scroll of fog, 11 poisoned darts, a +0 dagger, a scroll of
                  | fear, a +0 leather armour.
     0 | D:1      | Reached XP level 1. HP: 16/16 MP: 3/3
   354 | D:2      | Reached XP level 2. HP: 23/23 MP: 5/5
   408 | D:2      | Noticed Natasha
   412 | D:2      | Killed Natasha
   413 | D:2      | Reached XP level 3. HP: 28/28 MP: 6/6
   591 | D:2      | Reached skill level 5 in Maces & Flails
   591 | D:2      | Reached XP level 4. HP: 35/35 MP: 7/7
   592 | D:2      | Found a stormy altar of Qazlal.
   600 | D:2      | Became a worshipper of Qazlal Stormbringer
   612 | D:2      | Noticed Natasha
   625 | D:2      | Killed Natasha
   629 | D:2      | Noticed Natasha
   638 | D:2      | Killed Natasha
   639 | D:2      | Reached XP level 5. HP: 9/40 MP: 8/8
  1004 | D:2      | Found Ahujaes's Jewellery Emporium.
  1091 | D:2      | Glimpsed the power of Zot.
  1487 | D:3      | Reached * piety under Qazlal
  1670 | D:4      | Reached skill level 6 in Maces & Flails
  1670 | D:4      | Reached XP level 6. HP: 22/48 MP: 9/9
  1698 | D:4      | Found a staircase to the Ecumenical Temple.
  1709 | Temple   | Entered the Ecumenical Temple
  1791 | D:4      | Noticed an ogre
  1810 | D:4      | HP: 1/48 [ogre/+0 giant spiked club (27)]
  1812 | D:4      | Slain by an ogre

Illustrated notes

Levels and vault maps discovered:
D:1:      saegor_arrival_simple_d, layout_loops_ring
D:2:      layout_basic, basic_altar, serial_shops, nicolae_square_shop,
          uniq_natasha
D:3:      minmay_roachtagon, layout_loops_ring,
          shapermc_ecumenical_altar_flowoftime
D:4:      kennysheep_six_static_rooms, layout_gridville,
          minmay_temple_entry_grid, wad_rectangle_vault
Temple:   regret_index_temple_waves

Skill      XL: |  1  2  3  4  5 |
---------------+----------------+-----
Throwing       | 4 |  4.3
Maces & Flails | 5 6 |  6.0
Dodging        | 2 |  2.2
Armour         | 2 |  2.8
Fighting       | |  1.8
Spellcasting   | |  1.3
Evocations     | |  1.2

Action                   |  1- 3 |  4- 6 || total
-------------------------+-------+-------++-------
Melee: Mace              |    26 |   128 ||   154
  Use: Scroll            |       |     2 ||     2
       Potion            |       |     2 ||     2
Armor: Scale mail        |    11 |    75 ||    86
       Leather armour    |     1 |       ||     1
Dodge: Dodged            |     9 |    65 ||    74

Table legend: (Time is in decaauts)
 A = Elapsed time spent in this place.
 B = Non-inter-level travel time spent in this place.
 C = Inter-level travel time spent in this place.
 D = Time resting spent in this place.
 E = Time spent auto-exploring this place.
 F = Levels seen in this place.
 G = Mean time per level.
                   A        B        C        D        E       F      G
               +--------+--------+--------+--------+--------+-----+--------+
         Total |   1832 |   1816 |     16 |    307 |    537 |   5 |  366.4 |
       Dungeon |   1808 |   1792 |     16 |    307 |    537 |   4 |  452.0 |
        Temple |     23 |     23 |      0 |      0 |      0 |   1 |   23.0 |
               +--------+--------+--------+--------+--------+-----+--------+

Top non-repeatable levels by time:
     D:2: 1014 daAuts
     D:3: 426 daAuts
     D:4: 249 daAuts
     D:1: 117 daAuts
  Temple: 23 daAuts
